| TOP OF THE 1ST |
|
Lake County Captains batting - Pitching for Greenville Drive : LHP Nick Barnes
|
|
Pitching: LHP Nick Barnes
|
|
|
Batting: RHB Ricky Cordova
|
0-0: Swinging Strike 0-1: Swinging Strike 0-2: Foul Ball, location: 2F 0-2: SINGLE (Groundball, 6D, EV 105.6 MPH)
|
|
Batting: RHB Willie Gonzales
|
0-0: Ball 1-0: Ball 2-0: Ball 3-0: Called Strike 3-1: Called Strike 3-2: Base on Balls Ricky Cordova to second
|
|
Batting: RHB Harris Leroux
|
0-0: Ball 1-0: Called Strike 1-1: Ball 2-1: Foul Ball, location: 2F 2-2: Foul Ball, location: 2F 2-2: Grounds into double play, 5-4-3 (Groundball, 56, EV 82.5 MPH) Ricky Cordova to third
|
|
Batting: RHB Eric Kuck
|
0-0: Called Strike 0-1: Ball 1-1: Swinging Strike 1-2: Strikes out swinging
|
| Top of the 1st over - 0 runs, 1 hit, 0 errors, 1 left on base; Lake County 0 - Greenville 0 |
| BOTTOM OF THE 1ST |
|
Greenville Drive batting - Pitching for Lake County Captains : LHP Fred Kelly
|
|
Pitching: LHP Fred Kelly
|
|
|
Batting: LHB Nelis Geurts
|
0-0: Ball 1-0: Ball 2-0: Ball 3-0: Called Strike 3-1: Foul Ball, location: 2F 3-2: Strikes out looking
|
|
Batting: RHB Bobby Schimke
|
0-0: SINGLE (Groundball, P, EV 90.6 MPH) (infield hit)
|
|
Batting: RHB Joel Vazquez
|
0-0: Foul Ball, location: 2F 0-1: Ground out 4-3 (Groundball, 34, EV 105.0 MPH) Bobby Schimke to second
|
|
Batting: RHB Ted Emmerich
|
0-0: Called Strike 0-1: Ball 1-1: SINGLE (Line Drive, 9LS, EV 94.4 MPH) Bobby Schimke to third Runner from 3rd tries for Home, throw by RF and OUT! 9-2
|
| Bottom of the 1st over - 0 runs, 2 hits, 0 errors, 1 left on base; Lake County 0 - Greenville 0 |
| TOP OF THE 2ND |
|
Lake County Captains batting - Pitching for Greenville Drive : LHP Nick Barnes
|
|
Batting: RHB Adrian Martinelli
|
0-0: Called Strike 0-1: SINGLE (Groundball, 4D, EV 102.5 MPH)
|
|
Batting: LHB John Holst
|
0-0: Ball 1-0: Foul Ball, location: 2F 1-1: Called Strike 1-2: Strikes out swinging
|
|
Batting: RHB Tsega Haida
|
0-0: Ball Adrian Martinelli is caught stealing 2nd base 2-4 1-0: Swinging Strike 1-1: Ground out 6-3 (Groundball, 6, EV 86.9 MPH)
|
| Top of the 2nd over - 0 runs, 1 hit, 0 errors, 0 left on base; Lake County 0 - Greenville 0 |
| BOTTOM OF THE 2ND |
|
Greenville Drive batting - Pitching for Lake County Captains : LHP Fred Kelly
|
|
Batting: LHB John Criswell
|
0-0: Foul Ball, location: 2F 0-1: Fly out, F7 (Flyball, 78M, EV 84.4 MPH)
|
|
Batting: RHB Mike Batko
|
0-0: Ground out 1-3 (Groundball, 15S, EV 69.4 MPH)
|
|
Batting: LHB Danny Montoya
|
0-0: SINGLE (Groundball, 6MD, EV 100.6 MPH)
|
|
Batting: RHB Nick Spiller
|
0-0: Ball 1-0: Called Strike 1-1: Swinging Strike 1-2: Ball Wild Pitch! Danny Montoya to second 2-2: Strikes out looking
|
| Bottom of the 2nd over - 0 runs, 1 hit, 0 errors, 1 left on base; Lake County 0 - Greenville 0 |
| TOP OF THE 3RD |
|
Lake County Captains batting - Pitching for Greenville Drive : LHP Nick Barnes
|
|
Batting: LHB Rich Walker
|
0-0: Called Strike 0-1: Called Strike 0-2: Strikes out swinging
|
|
Batting: RHB Carlos Munos
|
0-0: Called Strike 0-1: Swinging Strike 0-2: Ball 1-2: Ball 2-2: Fly out, F9 (Flyball, 9LD, EV 102.5 MPH)
|
|
Batting: RHB Ricky Cordova
|
0-0: Fly out, F9 (Flyball, 9, EV 93.1 MPH)
|
| Top of the 3rd over - 0 runs, 0 hits, 0 errors, 0 left on base; Lake County 0 - Greenville 0 |
| BOTTOM OF THE 3RD |
|
Greenville Drive batting - Pitching for Lake County Captains : LHP Fred Kelly
|
|
Batting: RHB Josh Helman
|
0-0: Hit by Pitch
|
|
Batting: LHB Nelis Geurts
|
0-0: Ball Wild Pitch! Josh Helman to second 1-0: Called Strike 1-1: Ball 2-1: DOUBLE (Groundball, 5L, EV 105.0 MPH) Josh Helman scores
|
|
Batting: RHB Bobby Schimke
|
0-0: Called Strike 0-1: Fly out, F9 (Flyball, 9, EV 81.9 MPH) Runner from 2nd tags up, SAFE at 3rd with throw by RF
|
|
Batting: RHB Joel Vazquez
|
0-0: Fly out, F8 (Flyball, 8RXD, EV 91.9 MPH) Runner from 3rd tags up, SCORES, no throw by CF
|
|
Batting: RHB Ted Emmerich
|
0-0: Ground out 3-1 (Groundball, 34, EV 88.1 MPH)
|
| Bottom of the 3rd over - 2 runs, 1 hit, 0 errors, 0 left on base; Lake County 0 - Greenville 2 |
| TOP OF THE 4TH |
|
Lake County Captains batting - Pitching for Greenville Drive : LHP Nick Barnes
|
|
Batting: RHB Willie Gonzales
|
0-0: Ball 1-0: Fly out, F7 (Line Drive, 78M, EV 91.9 MPH)
|
|
Batting: RHB Harris Leroux
|
0-0: Foul Ball, location: 2F 0-1: SOLO HOME RUN (Line Drive, 9D, EV 99.4 MPH), Distance : 408 ft
|
|
Batting: RHB Eric Kuck
|
0-0: Ball 1-0: Ball 2-0: Swinging Strike 2-1: SINGLE (Line Drive, 9S, EV 95.6 MPH)
|
|
Batting: RHB Adrian Martinelli
|
0-0: Ball 1-0: Called Strike 1-1: Ball 2-1: Fly out, F8 (Flyball, 89M, EV 90.6 MPH)
|
|
Batting: LHB John Holst
|
0-0: Foul Ball, location: 2F 0-1: Ball 1-1: Ball 2-1: Foul Ball, location: 2F 2-2: Fly out, F7 (Flyball, 78M, EV 89.4 MPH)
|
| Top of the 4th over - 1 run, 2 hits, 0 errors, 1 left on base; Lake County 1 - Greenville 2 |
| BOTTOM OF THE 4TH |
|
Greenville Drive batting - Pitching for Lake County Captains : LHP Fred Kelly
|
|
Batting: LHB John Criswell
|
0-0: Fly out, F9 (Flyball, 9S, EV 85.6 MPH)
|
|
Batting: RHB Mike Batko
|
0-0: Called Strike 0-1: Ball 1-1: Ball 2-1: Ground out U3 (Groundball, 3, EV 87.5 MPH)
|
|
Batting: LHB Danny Montoya
|
0-0: Called Strike 0-1: Ball 1-1: Ball 2-1: Ball 3-1: Base on Balls
|
|
Batting: RHB Nick Spiller
|
0-0: Called Strike 0-1: Ball 1-1: Ball 2-1: Called Strike 2-2: Strikes out swinging
|
| Bottom of the 4th over - 0 runs, 0 hits, 0 errors, 1 left on base; Lake County 1 - Greenville 2 |
| TOP OF THE 5TH |
|
Lake County Captains batting - Pitching for Greenville Drive : LHP Nick Barnes
|
|
Batting: RHB Tsega Haida
|
0-0: Called Strike 0-1: Ball 1-1: Ball 2-1: Swinging Strike 2-2: Strikes out looking
|
|
Batting: LHB Rich Walker
|
0-0: Ball 1-0: Foul Ball, location: 2F 1-1: Ground out 4-3 (Groundball, 4, EV 108.8 MPH)
|
|
Batting: RHB Carlos Munos
|
0-0: Ball 1-0: Ball 2-0: Called Strike 2-1: Foul Ball, location: 2F 2-2: Ground out 6-3 (Groundball, 6, EV 103.8 MPH)
|
| Top of the 5th over - 0 runs, 0 hits, 0 errors, 0 left on base; Lake County 1 - Greenville 2 |
| BOTTOM OF THE 5TH |
|
Greenville Drive batting - Pitching for Lake County Captains : LHP Fred Kelly
|
|
Batting: RHB Josh Helman
|
0-0: Ground out 5-3 (Groundball, 56, EV 104.4 MPH)
|
|
Batting: LHB Nelis Geurts
|
0-0: Called Strike 0-1: Ball 1-1: Ground out 6-3 (Groundball, 6, EV 81.2 MPH)
|
|
Batting: RHB Bobby Schimke
|
0-0: Ball 1-0: Called Strike 1-1: Ball 2-1: Ground out 1-3 (Groundball, P, EV 66.2 MPH)
|
| Bottom of the 5th over - 0 runs, 0 hits, 0 errors, 0 left on base; Lake County 1 - Greenville 2 |
| TOP OF THE 6TH |
|
Lake County Captains batting - Pitching for Greenville Drive : LHP Nick Barnes
|
|
Batting: RHB Ricky Cordova
|
0-0: Ball 1-0: Ground out 6-3 (Groundball, 6, EV 93.8 MPH)
|
|
Batting: RHB Willie Gonzales
|
0-0: Swinging Strike 0-1: Ball 1-1: Foul Ball, location: 2F 1-2: Ball 2-2: Fly out, F8 (Flyball, 8RD, EV 89.4 MPH)
|
|
Batting: RHB Harris Leroux
|
0-0: Called Strike 0-1: Ball 1-1: Foul Ball, location: 2F 1-2: Ball 2-2: Strikes out swinging
|
| Top of the 6th over - 0 runs, 0 hits, 0 errors, 0 left on base; Lake County 1 - Greenville 2 |
| BOTTOM OF THE 6TH |
|
Greenville Drive batting - Pitching for Lake County Captains : LHP Fred Kelly
|
|
Batting: RHB Joel Vazquez
|
0-0: Ground out U3 (Groundball, 34S, EV 81.2 MPH)
|
|
Batting: RHB Ted Emmerich
|
0-0: Ball 1-0: Ground out 5-3 (Groundball, 56S, EV 90.0 MPH)
|
|
Batting: LHB John Criswell
|
0-0: Ball 1-0: Called Strike 1-1: Called Strike 1-2: SINGLE (Popup, 5D, EV 61.9 MPH)
|
|
Pinch Runner at 1st Rogelio Cervantes:
|
|
|
Batting: RHB Mike Batko
|
0-0: Ball 1-0: Called Strike Rogelio Cervantes steals 2nd base (no throw) 1-1: Called Strike 1-2: Ball 2-2: 2-RUN HOME RUN (Flyball, 78XD, EV 107.5 MPH), Distance : 424 ft
|
|
Batting: LHB Danny Montoya
|
0-0: Called Strike 0-1: SINGLE (Groundball, 34D, EV 93.8 MPH)
|
|
Batting: RHB Nick Spiller
|
0-0: Ball 1-0: Foul Ball, location: 2F 1-1: Ball 2-1: Foul Ball, location: 2F 2-2: Foul Ball, location: 2F 2-2: Fielders Choice at 2nd, U4 (Groundball, 4M, EV 103.8 MPH)
|
| Bottom of the 6th over - 2 runs, 3 hits, 0 errors, 1 left on base; Lake County 1 - Greenville 4 |
| TOP OF THE 7TH |
|
Lake County Captains batting - Pitching for Greenville Drive : LHP Nick Barnes
|
|
Now in RF: Victor Orozco
|
|
|
Batting: RHB Eric Kuck
|
0-0: Foul Ball, location: 2F 0-1: Foul Ball, location: 2F 0-2: Ball 1-2: Ground out 6-3 (Groundball, 6, EV 102.5 MPH)
|
|
Batting: RHB Adrian Martinelli
|
0-0: Called Strike 0-1: SINGLE (Line Drive, 78S, EV 102.5 MPH)
|
|
Batting: LHB John Holst
|
0-0: Ball 1-0: Ball 2-0: Foul Ball, location: 2F 2-1: Grounds into double play, 4-6-3 (Groundball, 34D, EV 80.6 MPH)
|
| Top of the 7th over - 0 runs, 1 hit, 0 errors, 0 left on base; Lake County 1 - Greenville 4 |
| BOTTOM OF THE 7TH |
|
Greenville Drive batting - Pitching for Lake County Captains : LHP Fred Kelly
|
|
Batting: RHB Josh Helman
|
0-0: SINGLE (Flyball, 3D, EV 95.0 MPH)
|
|
Batting: LHB Nelis Geurts
|
0-0: Bunt - Flyout to P! F1
|
|
Batting: RHB Bobby Schimke
|
0-0: Ball 1-0: Called Strike 1-1: Called Strike 1-2: Strikes out looking
|
|
Batting: RHB Joel Vazquez
|
0-0: Ball 1-0: Called Strike 1-1: Foul Ball, location: 2F 1-2: 2-RUN HOME RUN (Flyball, 78XD, EV 110.0 MPH), Distance : 417 ft
|
|
Pitching: RHP Gilbert Paparelli
|
|
|
Batting: RHB Ted Emmerich
|
0-0: Ball 1-0: DOUBLE (Line Drive, 78XD, EV 106.2 MPH)
|
|
Batting: RHB Victor Orozco
|
0-0: Called Strike 0-1: Ground out 4-3 (Groundball, 4, EV 87.5 MPH)
|
| Bottom of the 7th over - 2 runs, 3 hits, 0 errors, 1 left on base; Lake County 1 - Greenville 6 |
| TOP OF THE 8TH |
|
Lake County Captains batting - Pitching for Greenville Drive : LHP Nick Barnes
|
|
Pitching: RHP Wing-chiu Ya
|
|
|
Batting: RHB Tsega Haida
|
0-0: Called Strike 0-1: Foul Ball, location: 2F 0-2: Strikes out swinging
|
|
Batting: LHB Rich Walker
|
0-0: Ball 1-0: Ball 2-0: Called Strike 2-1: Called Strike 2-2: Foul Ball, location: 2F 2-2: Foul Ball, location: 2F 2-2: Strikes out swinging
|
|
Batting: RHB Carlos Munos
|
0-0: Called Strike 0-1: Foul Ball, location: 2F 0-2: Ball 1-2: Fly out, F8 (Line Drive, 8LS, EV 100.6 MPH)
|
| Top of the 8th over - 0 runs, 0 hits, 0 errors, 0 left on base; Lake County 1 - Greenville 6 |
| BOTTOM OF THE 8TH |
|
Greenville Drive batting - Pitching for Lake County Captains : RHP Gilbert Paparelli
|
|
Batting: RHB Mike Batko
|
0-0: Swinging Strike 0-1: Ball 1-1: Ball 2-1: Ball 3-1: Foul Ball, location: 2F 3-2: Ground out 5-3 (Groundball, 56, EV 88.8 MPH)
|
|
Batting: LHB Danny Montoya
|
0-0: Ball 1-0: Ball 2-0: Called Strike 2-1: Swinging Strike 2-2: Strikes out swinging
|
|
Batting: RHB Nick Spiller
|
0-0: Foul Ball, location: 2F 0-1: Hit by Pitch
|
|
Batting: RHB Josh Helman
|
0-0: Ball 1-0: Ground out 4-3 (Groundball, 4, EV 93.1 MPH)
|
| Bottom of the 8th over - 0 runs, 0 hits, 0 errors, 1 left on base; Lake County 1 - Greenville 6 |
| TOP OF THE 9TH |
|
Lake County Captains batting - Pitching for Greenville Drive : RHP Wing-chiu Ya
|
|
Batting: RHB Ricky Cordova
|
0-0: Ball 1-0: Ball 2-0: Ball 3-0: Base on Balls
|
|
Batting: RHB Willie Gonzales
|
0-0: Ball 1-0: Foul Ball, location: 2F 1-1: Foul Ball, location: 2F 1-2: Ball Wild Pitch! Ricky Cordova to second 2-2: Ball 3-2: Ground out 5-3 (Groundball, 56S, EV 67.5 MPH) Ricky Cordova to third
|
|
Batting: RHB Harris Leroux
|
0-0: Called Strike 0-1: Ball 1-1: Called Strike 1-2: Strikes out swinging
|
|
Batting: RHB Eric Kuck
|
0-0: Ball 1-0: SINGLE (Groundball, 56D, EV 96.2 MPH) Ricky Cordova scores
|
|
Batting: RHB Adrian Martinelli
|
0-0: Ball 1-0: Ball 2-0: Ball 3-0: Called Strike 3-1: Base on Balls Eric Kuck to second
|
|
Batting: LHB John Holst
|
0-0: Ball 1-0: Ball 2-0: Swinging Strike 2-1: Foul Ball, location: 2F 2-2: Strikes out looking
|
| Top of the 9th over - 1 run, 1 hit, 0 errors, 2 left on base; Lake County 2 - Greenville 6 |
|